 Dungeon Crawl Stone Soup version 0.20-a0-3-g334f831 (console) character file.

1484 FlowerMaiden the Carver (level 9, -2/61 HPs)
             Began as a Human Warper on Oct 30, 2016.
             Was a Follower of Ashenzari.
             Slain by an orc warrior
             ... wielding a +1 scimitar of holy wrath
              (10 damage)
             ... on level 5 of the Dungeon.
             The game lasted 00:20:57 (12089 turns).

FlowerMaiden the Carver (Human Warper)             Turns: 12089, Time: 00:20:57

Health: -2/61      AC:  8    Str: 13    XL:     9   Next: 7%
Magic:  12/12      EV: 14    Int: 13    God:    Ashenzari [*.....]
Gold:   240        SH:  0    Dex: 15    Spells: 1 memorised, 10 levels left

rFire  . . .     SeeInvis .     a - +0 falchion
rCold  + . .     Gourm    .     b - +0 leather armour
rNeg   . . .     Faith    +     (no shield)
rPois  .         Spirit   .     r - +1 helmet
rElec  .         Reflect  .     n - +0 cloak
rCorr  .         Harm     .     v - +0 pair of gloves
MR     .....                    D - +0 pair of boots
Stlth  +.........               p - amulet of faith (curse)
                                k - ring of protection from cold
                                h - ring of wizardry (curse)

@: no status effects
A: no striking features
a: Curse Item, Scrying, Renounce Religion


You were on level 5 of the Dungeon.
You worshipped Ashenzari.
Ashenzari was aware of your devotion.
You were near starving.

You visited 2 branches of the dungeon, and saw 7 of its levels.

You collected 330 gold pieces.
You spent 90 gold pieces at shops.

Inventory:

Hand Weapons
 a - a +0 falchion (weapon)
Missiles
 e - 2 tomahawks of dispersal (quivered)
 i - 3 tomahawks
Armour
 b - a +0 leather armour (worn)
 n - a +0 cloak (worn)
 r - a +1 helmet (worn)
 v - a +0 pair of gloves (worn)
 D - a +0 pair of boots (worn)
Jewellery
 h - a cursed ring of wizardry (left hand)
 k - a ring of protection from cold (right hand)
 p - a cursed amulet of faith (around neck)
Wands
 j - a wand of paralysis (0/24)
Scrolls
 d - a scroll of blinking
 g - 2 scrolls of identify
 l - 3 scrolls of random uselessness {unknown}
 q - a scroll of immolation {unknown}
 u - a scroll of noise {unknown}
 w - 2 scrolls of recharging {unknown}
 y - 4 scrolls of fear {unknown}
 E - 2 scrolls of enchant armour {unknown}
Potions
 m - a potion of brilliance
 t - a potion of might
 x - a potion of cancellation
 z - a potion of curing
 A - a potion of lignification
 B - a potion of berserk rage
 C - a potion of heal wounds
Books
 c - a book of Spatial Translocations

   Spells                             Type                      Level
   a - Blink                          Translocation                2
   b - Shroud of Golubria             Charms/Translocation         2
   c - Lesser Beckoning               Translocation                3
   d - Portal Projectile              Translocation                3
   e - Teleport Other                 Translocation                3
   f - Passage of Golubria            Translocation                4
Comestibles
 f - 3 bread rations
 o - a royal jelly
 s - a slice of pizza


   Skills:
 - Level 2.0 Fighting
 + Level 8.4 Long Blades
 - Level 1.0 Throwing
 - Level 2.1 Armour
 + Level 4.2 Dodging
 - Level 2.0 Spellcasting
 - Level 6.0 Translocations


You had 10 spell levels left.
You knew the following spells:

 Your Spells              Type           Power        Failure   Level  Hunger
a - Blink                 Tloc           N/A          1%          2    ###....


Dungeon Overview and Level Annotations

Branches:
Dungeon (6/15)             Temple (1/1) D:5

Altars:
Ashenzari
Cheibriados
Dithmenos
Elyvilon
Fedhas
Gozag
Hepliaklqana
Kikubaaqudgha
Makhleb
Nemelex Xobeh
Okawaru
Qazlal
Ru
Sif Muna
Trog
Uskayaw
Vehumet
Xom
Yredelemnul
Zin
The Shining One

Shops:
D:4 **[:

Annotations:
D:2 Jessica


Message History

* * * LOW HITPOINT WARNING * * *
Throwing (i - inventory. (,) - cycle):
e - 4 tomahawks of dispersal (quivered)
Press: ? - help, Shift-Dir - straight line, f/p - orc warrior
Aim: an orc warrior, wielding a scimitar of holy wrath and wearing a plate armour (moderately wounded)
Okay, then.
Throwing (i - inventory. (,) - cycle):
e - 4 tomahawks of dispersal (quivered)
Press: ? - help, Shift-Dir - straight line, f/p - orc warrior
Aim: an orc warrior, wielding a scimitar of holy wrath and wearing a plate armour (lightly wounded)
You throw a tomahawk of dispersal.
The tomahawk of dispersal hits the orc warrior but does no damage.
The orc warrior is lightly wounded.
The orc warrior hits you with a scimitar of holy wrath!
* * * LOW HITPOINT WARNING * * *
Throwing (i - inventory. (,) - cycle):
e - 3 tomahawks of dispersal (quivered)
Press: ? - help, Shift-Dir - straight line, f/p - orc warrior
Aim: an orc warrior, wielding a scimitar of holy wrath and wearing a plate armour (lightly wounded)
You throw a tomahawk of dispersal.
The tomahawk of dispersal barely misses the orc warrior.
The orc warrior hits you with a scimitar of holy wrath!
You die...

###.####.#..............
#....#.#..............
####.#.##............#
#.#..##..........##
######.##.#######.....#.
#....#.......###........
#....####..#.....####.#.
#....#####.###...# #.##
#....#.@o......#.# #.##
#......####.####.# #..#
#....### #...##.#####..
#....# ###.##....###.
#....# #....##.###.
#....# ####.##..##|
###### #.###.##.
######## #.# #....
#...(..# #.# ###..


You could see an orc warrior.

Vanquished Creatures
  A human (D:2)
  Menkaure (D:6)
  An ice beast (D:6)
  A black bear (D:6)
  2 ogres
  A phantom (D:6)
  A howler monkey (D:4)
  2 crimson imps
  A jelly (D:6)
  2 hounds
  A bullfrog skeleton (D:4)
  Crazy Yiuf (D:3)
  A centaur skeleton (D:5)
  7 worker ants
  A hound zombie (D:6)
  A hound skeleton (D:4)
  4 gnolls
  14 adders
  A river rat (D:3)
  2 shadow imps (D:6)
  4 oozes
  3 worms
  A dart slug (D:2)
  5 leopard geckos
  6 orcs
  A giant cockroach (D:3)
  8 goblins
  7 hobgoblins
  15 jackals
  3 quokkas
  8 bats
  7 frilled lizards
  A jackal skeleton (D:6)
  8 kobolds
  A kobold skeleton (D:2)
  A kobold zombie (D:2)
  A leopard gecko skeleton (D:5)
  15 rats
141 creatures vanquished.

Notes
Turn   | Place    | Note
-------+----------+-------------------------------------------
     0 | D:1      | FlowerMaiden the Human Warper began the quest for the Orb.
     0 | D:1      | Reached XP level 1. HP: 16/16 MP: 3/3
   207 | D:1      | Reached XP level 2. HP: 22/22 MP: 5/5
   211 | D:1      | Learned a level 2 spell: Blink
   614 | D:1      | Reached skill level 3 in Long Blades
   734 | D:1      | Reached XP level 3. HP: 27/27 MP: 6/6
  1342 | D:2      | Noticed Jessica
  1731 | D:2      | Reached XP level 4. HP: 23/33 MP: 7/7
  1808 | D:2      | Found a runed door.
  1808 | D:2      | Noticed a human
  1818 | D:2      | Found a basalt altar of Yredelemnul.
  1859 | D:2      | Killed a human
  1859 | D:2      | Reached skill level 4 in Long Blades
  1859 | D:2      | Reached XP level 5. HP: 8/38 MP: 8/8
  2295 | D:2      | Reached XP level 6. HP: 16/44 MP: 9/9
  2582 | D:2      | Reached skill level 5 in Long Blades
  4491 | D:3      | Reached XP level 7. HP: 28/50 MP: 10/10
  4517 | D:3      | Found a runed door.
  5098 | D:3      | Noticed Crazy Yiuf
  5112 | D:3      | Killed Crazy Yiuf
  5112 | D:3      | Reached skill level 6 in Long Blades
  5500 | D:4      | Found Geonkata's Book Boutique.
  6008 | D:4      | HP: 2/50 [phantom (8)]
  6945 | D:4      | Found Illao's Antique Armour Shoppe.
  7323 | D:4      | Found Vemetial's General Store.
  7335 | D:4      | Reached skill level 5 in Translocations
  7421 | D:4      | Reached XP level 8. HP: 31/56 MP: 11/11
  7966 | D:4      | Found Winigh's Assorted Antiques.
  7973 | D:4      | Bought a pair of gloves for 90 gold pieces
  8881 | D:5      | Entered Level 5 of the Dungeon
  8893 | D:5      | Reached skill level 7 in Long Blades
  9184 | D:5      | Found a staircase to the Ecumenical Temple.
  9225 | Temple   | Entered the Ecumenical Temple
  9379 | Temple   | Became a worshipper of Ashenzari the Shackled
  9641 | D:5      | Found a blossoming altar of Fedhas.
 10161 | D:6      | Noticed Menkaure
 10834 | D:6      | Killed Menkaure
 11080 | D:6      | Reached skill level 8 in Long Blades
 11759 | D:6      | Reached XP level 9. HP: 37/61 MP: 12/12
 11956 | D:6      | Reached * piety under Ashenzari
 12089 | D:5      | Slain by an orc warrior

Vault maps used:
D:1:      erik_arrival_blinker_ship
D:2:      dk_yredelemnul_ordeal, uniq_jessica
D:3:      gup_sewer_entry_bubbles, uniq_crazy_yiuf_cottage
D:4:      serial_shops, shop, shop, nicolae_shop_statue_plus, shop,
          minmay_misc_feat_x, roderic_roman_lattice
D:5:      first_bread, basic_altar
D:6:      uniq_menkaure
Temple:   kilobyte_greek_temple

Skill      XL: |  1  2  3  4  5  6  7  8 |
---------------+-------------------------+-----
Long Blades    | 3 4 5 6 8 |  8.4
Translocations | 4 5 6 |  6.0
Armour         | 2 |  2.1
Dodging        | 4 |  4.2
Fighting       | |  2.0
Throwing       | |  1.0
Spellcasting   | |  2.0

Action                   |  1- 3 |  4- 6 |  7- 9 || total
-------------------------+-------+-------+-------++-------
Melee: Falchion          |   128 |   201 |   741 ||  1070
Throw: Tomahawk          |       |       |     3 ||     3
Invok: Curse Item        |       |       |     2 ||     2
Evoke: Wand              |       |     3 |     4 ||     7
  Use: Scroll            |       |     5 |     6 ||    11
       Potion            |       |       |     1 ||     1
 Stab: Paralysed         |       |    10 |    18 ||    28
  Eat: Chunk             |     2 |     8 |    10 ||    20
       Meat ration       |       |       |     1 ||     1
       Bread ration      |       |       |     2 ||     2
       Beef jerky        |       |       |     1 ||     1
Armor: Leather armour    |    28 |    36 |   169 ||   233
       Plate armour      |       |       |    25 ||    25
       Skin              |       |       |     3 ||     3
Dodge: Dodged            |    88 |   127 |   339 ||   554
       Rpst.: Falchion   |    23 |    48 |   114 ||   185
